 Dungeon Crawl Stone Soup version 0.29.1-2-gbd0b4ee654 (webtiles) character file.

Game seed: 13333686546566035127

668 Sabo the Chopper (level 7, -2/74 HPs)
             Began as a Troll Fighter on Oct 29, 2022.
             Was a Believer of Ashenzari.
             Slain by Duvessa
             ... wielding a +4 short sword of freezing
              (13 damage)
             ... on level 4 of the Dungeon.
             The game lasted 00:20:58 (3667 turns).

Sabo the Chopper (Troll Fighter)                    Turns: 3667, Time: 00:20:59

Health: -2/74      AC:  7    Str: 27    XL:     7   Next: 32%
Magic:  0/6        EV:  9    Int:  4    God:    Ashenzari [**....]
Gold:   234        SH:  7    Dex:  9    Spells: 6/6 levels left

rFire   . . .      SeeInvis +   a - +0 war axe
rCold   . . .      Faith    .   c - +0 kite shield
rNeg    . . .      Spirit   +   b - +0 robe
rPois   .          Reflect  .   (helmet restricted)
rElec   .          Harm     .   o - +2 cloak "Unveiling Pragmatism" {Self, Alch} (curse)
rCorr   .          Rampage  .   (gloves unavailable)
Will    +....                   (boots unavailable)
Stlth   +.........              j - amulet "Moon of the Cosmic Seer" {Spirit, Self, Evo} (curse)
HPRegen 1.02/turn               q - ring "Lashed Together" {Will+, Range, Cun} (curse)
MPRegen 0.10/turn               (no ring)

@: no status effects
A: large, unfitting armour, claws 3, regeneration 1, shaggy fur 1, tough skin 1
a: Renounce Religion, Shatter the Chains


You were on level 4 of the Dungeon.
You worshipped Ashenzari.
Ashenzari was pleased with you.
You visited 1 branch of the dungeon, and saw 4 of its levels.

You collected 234 gold pieces.

Inventory:

Hand Weapons
 a - a +0 war axe (weapon)
Missiles
 g - 4 boomerangs
 s - 4 large rocks (quivered)
Armour
 b - a +0 robe (worn)
 c - a +0 kite shield (worn)
 o - the cursed +2 cloak "Unveiling Pragmatism" (worn) {Self, Alch}
   (You found it on level 2 of the Dungeon)

   It has a curse which improves the following skills: Introspection: Fighting
   and Spellcasting.
   Alchemy:   Poison Magic and Transmutations.
Jewellery
 j - the cursed amulet "Moon of the Cosmic Seer" (around neck) {Spirit, Self, Evo}
   (You found it on level 1 of the Dungeon)

   [amulet of guardian spirit]

   It causes incoming damage to be divided between your reserves of health and
   magic.
   It has a curse which improves the following skills: Introspection: Fighting
   and Spellcasting.
   Evocations: Evocations.
 l - an amulet of regeneration
 q - the cursed ring "Lashed Together" (left claw) {Will+, Range, Cun}
   (You found it on level 3 of the Dungeon)

   [ring of willpower]

   Will:      It increases your willpower.
   It has a curse which improves the following skills: Ranged Combat: Ranged
   Weapons and Throwing.
   Cunning:   Dodging and Stealth.
Wands
 n - a wand of acid (6)
 p - a wand of flame (9)
Scrolls
 h - 3 scrolls of teleportation
 m - 2 scrolls of fear
 r - a scroll of butterflies
Potions
 d - 2 potions of might
 e - 3 potions of curing
 f - a potion of invisibility
 i - 2 potions of berserk rage
 t - a potion of mutation


   Skills:
 + Level 3.9(5.6) Fighting
 + Level 4.4 Axes
 + Level 3.7(4.9) Dodging
 + Level 0.5(1.1) Stealth
 + Level 4.0 Shields


You had 6 spell levels left.
You didn't know any spells.
Your spell library was empty.

Dungeon Overview and Level Annotations

Branches:
Dungeon (4/15)
 Temple: D:4-7

Altars:
Ashenzari
Cheibriados
Kikubaaqudgha
Yredelemnul

Annotations:
D:4 Duvessa


Innate Abilities, Weirdness & Mutations

You are too large for most types of armour.
You have claws for hands.
Your natural rate of healing is unusually fast.
You are covered in fur. (AC +1)
You have tough skin. (AC +1)


Message History

The bolt of acid hits Duvessa!
Duvessa is heavily wounded.
The bolt of acid hits Dowan!
Dowan is severely wounded.
You block Duvessa's attack. Duvessa barely misses you.
Aiming: Corrosive Bolt
Press: ? - help, Shift-Dir - straight line, f/p - Duvessa
Aim: Duvessa, wielding a +4 short sword of freezing and wearing a +0 leather armour (heavily wounded, fast, 75% to hit)
The bolt of acid misses Duvessa.
The bolt of acid hits Dowan!
The acid corrodes Dowan!
You kill Dowan!
Duvessa screams, "No!
How DARE you!"
Duvessa goes berserk!
Duvessa hits you with a +4 short sword of freezing!
* * * LOW HITPOINT WARNING * * *
Duvessa freezes you.
* * * LOW HITPOINT WARNING * * *
Your Shields skill increases to level 4!
Aiming: Corrosive Bolt
Press: ? - help, Shift-Dir - straight line, f/p - Duvessa
Aim: Duvessa, wielding a +4 short sword of freezing and wearing a +0 leather armour (heavily wounded, berserk, fast, 75% to hit)
The bolt of acid hits Duvessa!
The acid corrodes Duvessa!
Duvessa is severely wounded.
You block Duvessa's attack. Duvessa barely misses you.
You feel much better.
Duvessa hits you with a +4 short sword of freezing!
* * * LOW HITPOINT WARNING * * *
Duvessa freezes you.
* * * LOW HITPOINT WARNING * * *
You slash Duvessa!
Duvessa is almost dead.
Duvessa hits you with a +4 short sword of freezing.
* * * LOW HITPOINT WARNING * * *
Duvessa freezes you.
* * * LOW HITPOINT WARNING * * *
You block Duvessa's attack.
You closely miss Duvessa.
Duvessa is almost dead.
Duvessa hits you with a +4 short sword of freezing!
You die...

...###.....# , ,
>..##......# * * *
...##......# *
.####......# * .#
#......# * .#
#......## * .#
#.......# .#
##.####.############
.#
#.##.......@e).....
, .#
#....#.############
.##########.#
............#
.############ ##


You could see Duvessa (berserk, fast, corroded).

Vanquished Creatures
  Eustachio (D:4)
  Menkaure (D:4)
  A black bear (D:4)
  A necrophage (D:3)
  Dowan (D:4)
  Ijyb (D:3)
  7 gnolls (D:4)
  5 adders
  3 worms
  6 orcs
  5 bats
  4 endoplasms
  5 giant cockroaches
  6 hobgoblins
  A quokka (D:4)
  4 ball pythons
  6 frilled lizards
  2 goblins (D:1)
  5 kobolds
  6 rats
71 creatures vanquished.

Vanquished Creatures (others)
  2 plants (D:1)
2 creatures vanquished.

Grand Total: 73 creatures vanquished

Notes
Turn   | Place    | Note
-------+----------+-------------------------------------------
     0 | D:1      | Sabo the Troll Fighter began the quest for the Orb.
     0 | D:1      | Reached XP level 1. HP: 22/22 MP: 0/0
   264 | D:1      | Reached XP level 2. HP: 23/29 MP: 1/1
   391 | D:1      | You fall into a shaft and drop 1 floor!
   751 | D:1      | Reached XP level 3. HP: 36/36 MP: 2/2
   781 | D:1      | Found a faded altar of an unknown god.
   784 | D:1      | Prayed at the altar of an unknown god.
   784 | D:1      | Became a worshipper of Ashenzari the Shackled
  1273 | D:2      | Found an ancient bone altar of Kikubaaqudgha.
  1965 | D:3      | Noticed a necrophage
  1976 | D:3      | Killed a necrophage
  1977 | D:3      | Reached XP level 4. HP: 35/45 MP: 3/3
  1990 | D:3      | Noticed Ijyb
  2020 | D:3      | Killed Ijyb
  2021 | D:3      | Reached XP level 5. HP: 17/53 MP: 1/4
  2072 | D:3      | Reached * piety under Ashenzari
  2132 | D:3      | Found a broken altar of Ashenzari.
  2579 | D:3      | Found a snail-covered altar of Cheibriados.
  2579 | D:3      | Found a basalt altar of Yredelemnul.
  2994 | D:4      | Reached ** piety under Ashenzari
  3184 | D:4      | Noticed a black bear
  3187 | D:4      | Noticed Eustachio
  3198 | D:4      | Killed a black bear
  3199 | D:4      | Reached XP level 6. HP: 45/66 MP: 2/5
  3231 | D:4      | Killed Eustachio
  3586 | D:4      | Noticed Menkaure
  3592 | D:4      | Killed Menkaure
  3593 | D:4      | Reached XP level 7. HP: 28/72 MP: 2/6
  3646 | D:4      | Noticed Duvessa
  3647 | D:4      | Noticed Dowan
  3663 | D:4      | Killed Dowan
  3667 | D:4      | Slain by Duvessa

Illustrated notes

Levels and vault maps discovered:
D:1:      lightli_arrival_statuegarden, layout_basic,
          shapermc_ecumenical_altar_mp_urbaneastern
D:2:      layout_basic, basic_altar, minmay_misc_feat_enclosed
D:3:      layout_loops_ring, mainiacjoe_overflow_surrounded_room,
          nicolae_overflow_two_pavilions, chequers_arboretum,
          columned_hall_lemuel, bh_walls_and_bars, uniq_ijyb
D:4:      nicolae_cairo_tiling_large_dashed, layout_basic, uniq_duvessa,
          uniq_eustachio, uniq_menkaure

Skill      XL: |  1  2  3  4  5  6  7 |
---------------+----------------------+-----
Shields        | 3 4 |  4.0
Axes           | 2 3 4 |  4.4
Dodging        | 3 |  3.7
Fighting       | 3 |  3.9
Stealth        | |  0.5

Action                   |  1- 3 |  4- 6 |  7- 9 || total
-------------------------+-------+-------+-------++-------
Melee: War axe           |   146 |   154 |    13 ||   313
Invok: Curse Item        |     1 |     2 |       ||     3
Evoke: Wand              |       |       |     3 ||     3
  Use: Scroll            |     4 |     1 |       ||     5
       Potion            |       |       |     2 ||     2
Armor: Robe              |    61 |    58 |     2 ||   121
Dodge: Dodged            |    72 |    71 |     7 ||   150
Block: Kite shield       |    70 |    60 |     9 ||   139
